 Dungeon Crawl Stone Soup version 0.31-a0-198-g2ad674f65e (webtiles) character file.

Game seed: 16312497661499025961

40 qw the Shooter (level 3, 0/20 HPs)
             Began as a Deep Elf Hunter on June 25, 2023.
             Succumbed to a scorpion's poison
             ... on level 2 of the Dungeon.
             The game lasted 00:00:20 (759 turns).

qw the Shooter (Deep Elf Hunter)                     Turns: 759, Time: 00:00:21

Health: 0/20       AC:  5    Str: 10    XL:     3   Next: 30%
Magic:  5/5        EV: 11    Int: 13    God:
Gold:   6          SH:  0    Dex: 18    Spells: 2/2 levels left

rFire   . . .        Y - +0 shortbow
rCold   . . .        (shield currently unavailable)
rNeg    . . .        h - +0 ring mail
rPois   .            (no helmet)
rElec   .            (no cloak)
rCorr   .            (no gloves)
SInv    .            (no boots)
Will    .....        (no amulet)
Stlth   +            (no ring)
HPRegen 0.23/turn    (no ring)
MPRegen 0.09/turn

%: no passive effects
@: lethally poisoned (0 -> -5)
A: no striking features
a: no special abilities


You were on level 2 of the Dungeon.
You visited 1 branch of the dungeon, and saw 2 of its levels.

You collected 6 gold pieces.


   Skills:
 - Level 1.5 Fighting
 + Level 6.9 Ranged Weapons
 - Level 2.4 Dodging
 - Level 1.2 Stealth


You had 2 spell levels left.
You didn't know any spells.
Your spell library was empty.

Inventory:

Hand Weapons
 Y - a +0 shortbow (weapon)
Armour
 h - a +0 ring mail (worn)
Potions
 f - a potion of attraction {unknown}
 g - a potion of invisibility {unknown}

Dungeon Overview and Level Annotations

Branches:
Dungeon (2/15)

Altars:

Shops:
D:2 :?


Message History

You shoot an arrow. The arrow hits the scorpion!
The scorpion is heavily wounded.
The scorpion closely misses you.
A goblin comes into view. It is wielding a +0 club.
You shoot an arrow. The goblin shouts!
The arrow hits the scorpion but does no damage.
The scorpion is heavily wounded.
The scorpion stings you.
You are poisoned.
The scorpion poisons you!
The scorpion stings you but does no damage.
You shoot an arrow.
The arrow hits the scorpion but does no damage.
The scorpion is heavily wounded.
You feel very sick. The scorpion closely misses you.
You shoot an arrow. The arrow hits the scorpion.
The scorpion is severely wounded.
You feel sick.
The scorpion stings you but does no damage. x2
You shoot an arrow. The arrow hits the scorpion.
The scorpion is severely wounded.
You feel sick. The scorpion barely misses you.
You shoot an arrow. The arrow barely misses the scorpion.
The arrow hits the goblin!
You kill the goblin!
You feel sick. The scorpion closely misses you. The scorpion stings you.
You are more poisoned.
The scorpion poisons you!
You shoot an arrow. The arrow hits the scorpion.
The scorpion is almost dead.
You feel very sick. The scorpion stings you.
You shoot an arrow. The arrow barely misses the scorpion.
You feel sick.
The scorpion stings you but does no damage. x2
You shoot an arrow. The arrow hits the scorpion.
You kill the scorpion!
You die...

~~~._.~~~.~....
~~~~~7.~~~......
~.~~~K~~~~~~~....
....#
#.~~~~~~~~~~~~....
....#
#~.~~~~~~~%~~)...[
....#
#~~~~~..~.~.......
....#
.....~...~).~....
....#####.......@..#
....#...#..........#
...................#
).%.####...........#
##..#\##...........#
##..#'##.#'##.######
##..........#.#
########.#.......
....}#+.....#....


You could see a kobold.

Vanquished Creatures
  A scorpion (D:2)
  An adder (D:2)
  A worm (D:2)
  A dart slug (D:1)
  3 ball pythons (D:1)
  3 endoplasms (D:1)
  A hobgoblin (D:1)
  5 kobolds
  A quokka (D:1)
  2 frilled lizards
  6 goblins
25 creatures vanquished.

Notes
Turn   | Place    | Note
-------+----------+-------------------------------------------
     0 | D:1      | qw the Deep Elf Hunter began the quest for the Orb.
     0 | D:1      | Reached XP level 1. HP: 12/12 MP: 3/3
     0 | D:1      | 0 ||| qw: Version: 0.3-a-22-g0ed2b0b
     0 | D:1      | 0 ||| qw: Game counter: 5272
     0 | D:1      | 0 ||| qw: Melee chars always use a shield: true
     0 | D:1      | 0 ||| qw: God list: Okawaru
     0 | D:1      | 0 ||| qw: Allow faded altars: false
     0 | D:1      | 0 ||| qw: Do Orc after clearing Dungeon:15 true
     0 | D:1      | 0 ||| qw: Do second Lair branch before Depths: true
     0 | D:1      | 0 ||| qw: Lair rune preference: random
     0 | D:1      | 0 ||| qw: Goals: Normal
     0 | D:1      | 0 ||| PLANNING D:1-11
    89 | D:1      | Reached XP level 2. HP: 16/16 MP: 4/4
   218 | D:1      | Reached skill level 6 in Ranged Weapons
   596 | D:1      | 596 ||| UPGRADING to +0 ring mail.
   606 | D:1      | 606 ||| DROPPING +0 leather armour.
   607 | D:1      | 607 ||| READING scroll labelled WOS IRREJUUKHUT.
   608 | D:1      | 608 ||| READING scroll labelled GUNKEASYAK.
   609 | D:1      | 609 ||| DROPPING scroll of butterflies.
   622 | D:2      | Found Qeutt's Book Shop.
   644 | D:2      | Found Cixodith's Magic Scroll Boutique.
   671 | D:2      | Reached XP level 3. HP: 10/20 MP: 5/5
   723 | D:2      | 723 ||| SHOPLISTING scroll of enchant armour (75 gold, have
                  | 6).
   723 | D:2      | 723 ||| SHOPLISTING scroll of identify (20 gold, have 6).
   723 | D:2      | 723 ||| SHOPLISTING scroll of teleportation (30 gold, have
                  | 6).
   742 | D:2      | Found a faded altar of an unknown god.
   746 | D:2      | Noticed a scorpion
   757 | D:2      | HP: 4/20 [scorpion (5)]
   759 | D:2      | Killed a scorpion
   759 | D:2      | Succumbed to a scorpion's poison

Levels and vault maps discovered:
D:1:      wander_arrival_lonely_grave, layout_basic, lemuel_flame_loot_1
D:2:      layout_basic, chequers_ecumenical_altar_island, basic_altar,
          serial_shops, nicolae_shop_window_shopping, nicolae_lakefront_shop

Skill      XL: |  1  2 |
---------------+-------+-----
Ranged Weapons | 6 |  6.9
Fighting       | |  1.5
Dodging        | |  2.4
Stealth        | |  1.2

Action                     || total
---------------------------++-------
   Fire: Shortbow          ||    81
    Use: Scroll            ||     2
 Armour: Ring mail         ||    11
  Dodge: Dodged            ||    14

Table legend:
 A = Non-vault XP
 B = Vault XP
 C = Vault XP percentage of total XP
 D = Non-vault monster count
 E = Vault monster count
 F = Vault count percentage of total count
                 A         B        C        D         E       F
            +---------+---------+-------+---------+---------+-------
      Total |     145 |       0 |   0.0 |      25 |       0 |   0.0
            +---------+---------+-------+---------+---------+-------
        D:1 |      33 |       0 |   0.0 |      18 |       0 |   0.0
        D:2 |     112 |       0 |   0.0 |       7 |       0 |   0.0
            +---------+---------+-------+---------+---------+-------
